 Dungeon Crawl Stone Soup version 0.20.1-1-g8b1a95d (console) character file.

76 hilaritas the Shield-Bearer (level 4, -1/52 HPs)
             Began as a Formicid Fighter on Aug 18, 2017.
             Slain by Natasha (2 damage)
             ... on level 2 of the Dungeon.
             The game lasted 00:02:29 (995 turns).

hilaritas the Shield-Bearer (Formicid Fighter)       Turns: 995, Time: 00:02:29

Health: -1/52      AC: 22    Str: 21    XL:     4   Next: 57%
Magic:  4/4        EV:  2    Int:  8    God:
Gold:   41         SH:  9    Dex: 10    Spells: 3/3 levels left

rFire    . . .     SeeInvis .   a - +0 war axe
rCold    . . .     Gourm    .   c - +0 shield
rNeg     + + +     Faith    .   (armour currently unavailable)
rPois    +         Spirit   .   (helmet unavailable)
rElec    .         Reflect  .   (cloak currently unavailable)
rCorr    .         Harm     .   (gloves currently unavailable)
MR       .....                  (boots currently unavailable)
Stlth    +.........             (no amulet)
Regen    0.2/turn               (no ring)
MPRegen  0.1/turn               (no ring)

@: tree-form
A: permanent stasis, dig shafts and tunnels, four strong arms
a: no special abilities


You were on level 2 of the Dungeon.
You were not hungry.
You were a tree.
You visited 1 branch of the dungeon, and saw 2 of its levels.

You collected 41 gold pieces.

Inventory:

Hand Weapons
 a - a +0 war axe (weapon)
 n - a +0 club
Armour
 b - a +0 scale mail (melded)
 c - a +0 shield (worn)
Scrolls
 e - a scroll of random uselessness {unknown}
 g - a scroll of remove curse {unknown}
 j - a scroll of teleportation {unknown}
 l - 2 scrolls of blinking {unknown}
 p - 2 scrolls of enchant weapon {unknown}
Comestibles
 f - 3 bread rations
 i - 3 fruits
 q - a meat ration


   Skills:
 - Level 3.2 Fighting
 * Level 3.6 Axes
 - Level 3.2 Armour
 + Level 4.7 Shields


You had 3 spell levels left.
You didn't know any spells.

Dungeon Overview and Level Annotations

Branches:
Dungeon (2/15)

Altars:

Annotations:
D:2 Natasha


Innate Abilities, Weirdness & Mutations

You cannot be hasted, slowed, berserked, paralysed or teleported.
You can dig through walls and to a lower floor.
Your four strong arms can wield two-handed weapons with a shield.
((You have a pair of large antennae on your head. (SInv)))


Message History

You barely miss Natasha.
Natasha is severely wounded.
You hit the crimson imp.
You feel sick.
Natasha drinks a potion.
Natasha is healed!
The crimson imp summons a swarm of flies.
You block the crimson imp's attack. Natasha claws you.
* * * LOW HITPOINT WARNING * * *
You miss Natasha.
Natasha is lightly wounded.
You miss the crimson imp.
The crimson imp blinks!
You block Natasha's attack.
You barely miss Natasha.
Natasha is lightly wounded.
Natasha claws you but does no damage.
You slash Natasha!
Natasha is almost dead.
You feel sick.
You are no longer poisoned.
Natasha casts a spell.
The crimson imp blinks!
Natasha claws you.
You die...

#.##.........##.
#.##.........# #
#.##.........# {
#.##.........#
#.##.........#
#.##....<....#
#.##..........
####.#######.####
#...♣5.<.§..
#.##h###.#.# #
#l# #5# #.. #.#
..# { #.#


You could see an iron imp, Natasha, a crimson imp and a leopard gecko.

Vanquished Creatures
  Natasha (D:2)
  2 adders (D:2)
  2 oozes (D:1)
  2 dart slugs
  A leopard gecko (D:1)
  2 goblins
  4 hobgoblins
  A quokka (D:2)
  2 bats (D:1)
  A frilled lizard (D:1)
  2 kobolds (D:1)
  2 rats (D:1)
22 creatures vanquished.

Notes
Turn   | Place    | Note
-------+----------+-------------------------------------------
     0 | D:1      | hilaritas the Formicid Fighter began the quest for the Orb.
     0 | D:1      | Reached XP level 1. HP: 18/18 MP: 1/1
   245 | D:1      | Reached skill level 4 in Shields
   345 | D:1      | Reached XP level 2. HP: 24/24 MP: 2/2
   696 | D:1      | Reached XP level 3. HP: 29/29 MP: 3/3
   878 | D:2      | Noticed Natasha
   894 | D:2      | Killed Natasha
   894 | D:2      | Reached XP level 4. HP: 8/35 MP: 4/4
   978 | D:2      | Noticed Natasha
   992 | D:2      | HP: 2/52 [Natasha (3)]
   995 | D:2      | Slain by Natasha

Skill      XL: |  1  2  3 |
---------------+----------+-----
Shields        | 4 |  4.7
Axes           | 3 |  3.6
Fighting       | |  3.2
Armour         | |  3.2

Action                   |  1- 3 |  4- 6 || total
-------------------------+-------+-------++-------
Melee: War axe           |    75 |    13 ||    88
  Use: Potion            |     1 |     3 ||     4
Armor: Scale mail        |    40 |     1 ||    41
       Skin              |       |     4 ||     4
Dodge: Dodged            |    27 |     4 ||    31
Block: Shield            |    38 |     4 ||    42
